Workbook

Sheet ANEXO 3
B1: janeiro | C1: fevereiro | D1: março | E1: abril | F1: maio | G1: junho | H1: julho | I1: agosto | J1: setembro | K1: outubro | L1: novembro | M1: dezembro | O1: TOTAL | Q1: ANEXO 3 – Tabela Simples Nacional 2018 – Serviços
A2: VENDA | B2: =Calculadora!C18 -> 0 | C2: =B2 -> 0 | D2: =C2 -> 0 | E2: =D2 -> 0 | F2: =E2 -> 0 | G2: =F2 -> 0 | H2: =G2 -> 0 | I2: =H2 -> 0 | J2: =I2 -> 0 | ... M2: =L2 -> 0 | O2: =SUM(B2:M2) -> 0 | Q2: Faixa | R2: Alíquota | S2: Valor a Deduzir (em R$) | T2: Receita Bruta em 12 Meses (em R$)
A3: SERVIÇOS | B3: =Calculadora!$C$19 -> 350000 | C3: =Calculadora!$C$19 -> 350000 | D3: =Calculadora!$C$19 -> 350000 | E3: =Calculadora!$C$19 -> 350000 | F3: =Calculadora!$C$19 -> 350000 | G3: =Calculadora!$C$19 -> 350000 | H3: =Calculadora!$C$19 -> 350000 | I3: =Calculadora!$C$19 -> 350000 | ... M3: =Calculadora!$C$19 -> 350000 | O3: =SUM(B3:M3) -> 4200000 | Q3: 1a Faixa | R3: 0.06 | S3: – | T3: Até 180.000,00
A4: FATURAMENTO | B4: =SUM(B2:B3) -> 350000 | C4: =SUM(C2:C3) -> 350000 | D4: =SUM(D2:D3) -> 350000 | E4: =SUM(E2:E3) -> 350000 | F4: =SUM(F2:F3) -> 350000 | G4: =SUM(G2:G3) -> 350000 | H4: =SUM(H2:H3) -> 350000 | I4: =SUM(I2:I3) -> 350000 | ... M4: =SUM(M2:M3) -> 350000 | O4: =SUM(B4:M4) -> 4200000 | Q4: 2a Faixa | R4: 0.112 | S4: 9360 | T4: De 180.000,01 a 360.000,00
Q5: 3a Faixa | R5: 0.135 | S5: 17640 | T5: De 360.000,01 a 720.000,00
Q6: 4a Faixa | R6: 0.16 | S6: 35640 | T6: De 720.000,01 a 1.800.000,00
A7: Rec Bruta últ 12 meses | B7: =SUM(B4)*12 -> 4200000 | C7: =SUM(C4)*12 -> 4200000 | D7: =SUM(D4)*12 -> 4200000 | E7: =SUM(E4)*12 -> 4200000 | F7: =SUM(F4)*12 -> 4200000 | G7: =SUM(G4)*12 -> 4200000 | H7: =SUM(H4)*12 -> 4200000 | I7: =SUM(I4)*12 -> 4200000 | ... M7: =SUM(M4)*12 -> 4200000 | Q7: 5a Faixa | R7: 0.21 | S7: 125640 | T7: De 1.800.000,01 a 3.600.000,00
A8: ALÍQUOTA | B8: =IF(B7<=180000,"6%",IF(AND(B7>180000,B7<=360000),"11,20%",IF(AND(B7>360000,B7<=720000),"13,5%",IF(AND(B7>720000,B7<=1800000),"16%",IF(AND(B7>1800000,B7<=3600000),"21%",IF(AND(B7>3600000,B7<=4800000),"33%",0)))))) -> 33% | C8: =IF(C7<=180000,"6%",IF(AND(C7>180000,C7<=360000),"11,20%",IF(AND(C7>360000,C7<=720000),"13,5%",IF(AND(C7>720000,C7<=1800000),"16%",IF(AND(C7>1800000,C7<=3600000),"21%",IF(AND(C7>3600000,C7<=4800000),"33%",0)))))) -> 33% | D8: =IF(D7<=180000,"6%",IF(AND(D7>180000,D7<=360000),"11,20%",IF(AND(D7>360000,D7<=720000),"13,5%",IF(AND(D7>720000,D7<=1800000),"16%",IF(AND(D7>1800000,D7<=3600000),"21%",IF(AND(D7>3600000,D7<=4800000),"33%",0)))))) -> 33% | E8: =IF(E7<=180000,"6%",IF(AND(E7>180000,E7<=360000),"11,20%",IF(AND(E7>360000,E7<=720000),"13,5%",IF(AND(E7>720000,E7<=1800000),"16%",IF(AND(E7>1800000,E7<=3600000),"21%",IF(AND(E7>3600000,E7<=4800000),"33%",0)))))) -> 33% | F8: =IF(F7<=180000,"6%",IF(AND(F7>180000,F7<=360000),"11,20%",IF(AND(F7>360000,F7<=720000),"13,5%",IF(AND(F7>720000,F7<=1800000),"16%",IF(AND(F7>1800000,F7<=3600000),"21%",IF(AND(F7>3600000,F7<=4800000),"33%",0)))))) -> 33% | G8: =IF(G7<=180000,"6%",IF(AND(G7>180000,G7<=360000),"11,20%",IF(AND(G7>360000,G7<=720000),"13,5%",IF(AND(G7>720000,G7<=1800000),"16%",IF(AND(G7>1800000,G7<=3600000),"21%",IF(AND(G7>3600000,G7<=4800000),"33%",0)))))) -> 33% | H8: =IF(H7<=180000,"6%",IF(AND(H7>180000,H7<=360000),"11,20%",IF(AND(H7>360000,H7<=720000),"13,5%",IF(AND(H7>720000,H7<=1800000),"16%",IF(AND(H7>1800000,H7<=3600000),"21%",IF(AND(H7>3600000,H7<=4800000),"33%",0)))))) -> 33% | I8: =IF(I7<=180000,"6%",IF(AND(I7>180000,I7<=360000),"11,20%",IF(AND(I7>360000,I7<=720000),"13,5%",IF(AND(I7>720000,I7<=1800000),"16%",IF(AND(I7>1800000,I7<=3600000),"21%",IF(AND(I7>3600000,I7<=4800000),"33%",0)))))) -> 33% | ... M8: =IF(M7<=180000,"6%",IF(AND(M7>180000,M7<=360000),"11,20%",IF(AND(M7>360000,M7<=720000),"13,5%",IF(AND(M7>720000,M7<=1800000),"16%",IF(AND(M7>1800000,M7<=3600000),"21%",IF(AND(M7>3600000,M7<=4800000),"33%",0)))))) -> 33% | Q8: 6a Faixa | R8: 0.33 | S8: 648000 | T8: De 3.600.000,01 a 4.800.000,00
A9: DEDUÇÃO | B9: =IF(B7<=180000,"0",IF(AND(B7>180000,B7<=360000),"9360",IF(AND(B7>360000,B7<=720000),"17640",IF(AND(B7>720000,B7<=1800000),"35640",IF(AND(B7>1800000,B7<=3600000),"125640",IF(AND(B7>3600000,B7<=4800000),"648000",0)))))) -> 648000 | C9: =IF(C7<=180000,"0",IF(AND(C7>180000,C7<=360000),"9360",IF(AND(C7>360000,C7<=720000),"17640",IF(AND(C7>720000,C7<=1800000),"35640",IF(AND(C7>1800000,C7<=3600000),"125640",IF(AND(C7>3600000,C7<=4800000),"648000",0)))))) -> 648000 | D9: =IF(D7<=180000,"0",IF(AND(D7>180000,D7<=360000),"9360",IF(AND(D7>360000,D7<=720000),"17640",IF(AND(D7>720000,D7<=1800000),"35640",IF(AND(D7>1800000,D7<=3600000),"125640",IF(AND(D7>3600000,D7<=4800000),"648000",0)))))) -> 648000 | E9: =IF(E7<=180000,"0",IF(AND(E7>180000,E7<=360000),"9360",IF(AND(E7>360000,E7<=720000),"17640",IF(AND(E7>720000,E7<=1800000),"35640",IF(AND(E7>1800000,E7<=3600000),"125640",IF(AND(E7>3600000,E7<=4800000),"648000",0)))))) -> 648000 | F9: =IF(F7<=180000,"0",IF(AND(F7>180000,F7<=360000),"9360",IF(AND(F7>360000,F7<=720000),"17640",IF(AND(F7>720000,F7<=1800000),"35640",IF(AND(F7>1800000,F7<=3600000),"125640",IF(AND(F7>3600000,F7<=4800000),"648000",0)))))) -> 648000 | G9: =IF(G7<=180000,"0",IF(AND(G7>180000,G7<=360000),"9360",IF(AND(G7>360000,G7<=720000),"17640",IF(AND(G7>720000,G7<=1800000),"35640",IF(AND(G7>1800000,G7<=3600000),"125640",IF(AND(G7>3600000,G7<=4800000),"648000",0)))))) -> 648000 | H9: =IF(H7<=180000,"0",IF(AND(H7>180000,H7<=360000),"9360",IF(AND(H7>360000,H7<=720000),"17640",IF(AND(H7>720000,H7<=1800000),"35640",IF(AND(H7>1800000,H7<=3600000),"125640",IF(AND(H7>3600000,H7<=4800000),"648000",0)))))) -> 648000 | I9: =IF(I7<=180000,"0",IF(AND(I7>180000,I7<=360000),"9360",IF(AND(I7>360000,I7<=720000),"17640",IF(AND(I7>720000,I7<=1800000),"35640",IF(AND(I7>1800000,I7<=3600000),"125640",IF(AND(I7>3600000,I7<=4800000),"648000",0)))))) -> 648000 | ... M9: =IF(M7<=180000,"0",IF(AND(M7>180000,M7<=360000),"9360",IF(AND(M7>360000,M7<=720000),"17640",IF(AND(M7>720000,M7<=1800000),"35640",IF(AND(M7>1800000,M7<=3600000),"125640",IF(AND(M7>3600000,M7<=4800000),"648000",0)))))) -> 648000
A10: ALÍQ EFETIVA | B10: =(B7*B8-B9)/B7 -> 0.17571429 | C10: =(C7*C8-C9)/C7 -> 0.17571429 | D10: =(D7*D8-D9)/D7 -> 0.17571429 | E10: =(E7*E8-E9)/E7 -> 0.17571429 | F10: =(F7*F8-F9)/F7 -> 0.17571429 | G10: =(G7*G8-G9)/G7 -> 0.17571429 | H10: =(H7*H8-H9)/H7 -> 0.17571429 | I10: =(I7*I8-I9)/I7 -> 0.17571429 | ... M10: =(M7*M8-M9)/M7 -> 0.17571429
A11: SIMPLES DAS | B11: =B4*B10 -> 61500 | C11: =C4*C10 -> 61500 | D11: =D4*D10 -> 61500 | E11: =E4*E10 -> 61500 | F11: =F4*F10 -> 61500 | G11: =G4*G10 -> 61500 | H11: =H4*H10 -> 61500 | I11: =I4*I10 -> 61500 | ... M11: =M4*M10 -> 61500 | O11: =SUM(B11:M11) -> 738000
A13: CPP % | B13: =IF(B7<=3600000,"43,40%","30,50%") -> 30,50% | C13: =IF(C7<=3600000,"43,40%","30,50%") -> 30,50% | D13: =IF(D7<=3600000,"43,40%","30,50%") -> 30,50% | E13: =IF(E7<=3600000,"43,40%","30,50%") -> 30,50% | F13: =IF(F7<=3600000,"43,40%","30,50%") -> 30,50% | G13: =IF(G7<=3600000,"43,40%","30,50%") -> 30,50% | H13: =IF(H7<=3600000,"43,40%","30,50%") -> 30,50% | I13: =IF(I7<=3600000,"43,40%","30,50%") -> 30,50% | ... M13: =IF(M7<=3600000,"43,40%","30,50%") -> 30,50%
A14: CPP R$ | B14: =B11*B13 -> 18757.5 | C14: =C11*C13 -> 18757.5 | D14: =D11*D13 -> 18757.5 | E14: =E11*E13 -> 18757.5 | F14: =F11*F13 -> 18757.5 | G14: =G11*G13 -> 18757.5 | H14: =H11*H13 -> 18757.5 | I14: =I11*I13 -> 18757.5 | ... M14: =M11*M13 -> 18757.5 | O14: =SUM(B14:M14) -> 225090

Sheet ANEXO 5
B1: janeiro | C1: fevereiro | D1: março | E1: abril | F1: maio | G1: junho | H1: julho | I1: agosto | J1: setembro | K1: outubro | L1: novembro | M1: dezembro | O1: TOTAL | Q1: ANEXO 5 – Tabela Simples Nacional 2018 – Serviços
A2: VENDA | B2: =Calculadora!C18 -> 0 | C2: =B2 -> 0 | D2: =C2 -> 0 | E2: =D2 -> 0 | F2: =E2 -> 0 | G2: =F2 -> 0 | H2: =G2 -> 0 | I2: =H2 -> 0 | J2: =I2 -> 0 | ... M2: =L2 -> 0 | O2: =SUM(B2:M2) -> 0 | Q2: Faixa | R2: Alíquota | S2: Valor a Deduzir (em R$) | T2: Receita Bruta em 12 Meses (em R$)
A3: SERVIÇOS | B3: =Calculadora!$C$19 -> 350000 | C3: =Calculadora!$C$19 -> 350000 | D3: =Calculadora!$C$19 -> 350000 | E3: =Calculadora!$C$19 -> 350000 | F3: =Calculadora!$C$19 -> 350000 | G3: =Calculadora!$C$19 -> 350000 | H3: =Calculadora!$C$19 -> 350000 | I3: =Calculadora!$C$19 -> 350000 | ... M3: =Calculadora!$C$19 -> 350000 | O3: =SUM(B3:M3) -> 4200000 | Q3: 1a Faixa | R3: 0.155 | S3: – | T3: Até 180.000,00
A4: FATURAMENTO | B4: =SUM(B2:B3) -> 350000 | C4: =SUM(C2:C3) -> 350000 | D4: =SUM(D2:D3) -> 350000 | E4: =SUM(E2:E3) -> 350000 | F4: =SUM(F2:F3) -> 350000 | G4: =SUM(G2:G3) -> 350000 | H4: =SUM(H2:H3) -> 350000 | I4: =SUM(I2:I3) -> 350000 | ... M4: =SUM(M2:M3) -> 350000 | O4: =SUM(B4:M4) -> 4200000 | Q4: 2a Faixa | R4: 0.18 | S4: 4500 | T4: De 180.000,01 a 360.000,00
Q5: 3a Faixa | R5: 0.195 | S5: 9900 | T5: De 360.000,01 a 720.000,00
Q6: 4a Faixa | R6: 0.205 | S6: 17100 | T6: De 720.000,01 a 1.800.000,00
A7: Rec Bruta últ 12 meses | B7: =SUM(B4)*12 -> 4200000 | C7: =SUM(C4)*12 -> 4200000 | D7: =SUM(D4)*12 -> 4200000 | E7: =SUM(E4)*12 -> 4200000 | F7: =SUM(F4)*12 -> 4200000 | G7: =SUM(G4)*12 -> 4200000 | H7: =SUM(H4)*12 -> 4200000 | I7: =SUM(I4)*12 -> 4200000 | ... M7: =SUM(M4)*12 -> 4200000 | Q7: 5a Faixa | R7: 0.23 | S7: 62100 | T7: De 1.800.000,01 a 3.600.000,00
A8: ALÍQUOTA | B8: =IF(B7<=180000,"15,5%",IF(AND(B7>180000,B7<=360000),"18%",IF(AND(B7>360000,B7<=720000),"19,5%",IF(AND(B7>720000,B7<=1800000),"20,5%",IF(AND(B7>1800000,B7<=3600000),"23%",IF(AND(B7>3600000,B7<=4800000),"30,5%",0)))))) -> 30,5% | C8: =IF(C7<=180000,"15,5%",IF(AND(C7>180000,C7<=360000),"18%",IF(AND(C7>360000,C7<=720000),"19,5%",IF(AND(C7>720000,C7<=1800000),"20,5%",IF(AND(C7>1800000,C7<=3600000),"23%",IF(AND(C7>3600000,C7<=4800000),"30,5%",0)))))) -> 30,5% | D8: =IF(D7<=180000,"15,5%",IF(AND(D7>180000,D7<=360000),"18%",IF(AND(D7>360000,D7<=720000),"19,5%",IF(AND(D7>720000,D7<=1800000),"20,5%",IF(AND(D7>1800000,D7<=3600000),"23%",IF(AND(D7>3600000,D7<=4800000),"30,5%",0)))))) -> 30,5% | E8: =IF(E7<=180000,"15,5%",IF(AND(E7>180000,E7<=360000),"18%",IF(AND(E7>360000,E7<=720000),"19,5%",IF(AND(E7>720000,E7<=1800000),"20,5%",IF(AND(E7>1800000,E7<=3600000),"23%",IF(AND(E7>3600000,E7<=4800000),"30,5%",0)))))) -> 30,5% | F8: =IF(F7<=180000,"15,5%",IF(AND(F7>180000,F7<=360000),"18%",IF(AND(F7>360000,F7<=720000),"19,5%",IF(AND(F7>720000,F7<=1800000),"20,5%",IF(AND(F7>1800000,F7<=3600000),"23%",IF(AND(F7>3600000,F7<=4800000),"30,5%",0)))))) -> 30,5% | G8: =IF(G7<=180000,"15,5%",IF(AND(G7>180000,G7<=360000),"18%",IF(AND(G7>360000,G7<=720000),"19,5%",IF(AND(G7>720000,G7<=1800000),"20,5%",IF(AND(G7>1800000,G7<=3600000),"23%",IF(AND(G7>3600000,G7<=4800000),"30,5%",0)))))) -> 30,5% | H8: =IF(H7<=180000,"15,5%",IF(AND(H7>180000,H7<=360000),"18%",IF(AND(H7>360000,H7<=720000),"19,5%",IF(AND(H7>720000,H7<=1800000),"20,5%",IF(AND(H7>1800000,H7<=3600000),"23%",IF(AND(H7>3600000,H7<=4800000),"30,5%",0)))))) -> 30,5% | I8: =IF(I7<=180000,"15,5%",IF(AND(I7>180000,I7<=360000),"18%",IF(AND(I7>360000,I7<=720000),"19,5%",IF(AND(I7>720000,I7<=1800000),"20,5%",IF(AND(I7>1800000,I7<=3600000),"23%",IF(AND(I7>3600000,I7<=4800000),"30,5%",0)))))) -> 30,5% | ... M8: =IF(M7<=180000,"15,5%",IF(AND(M7>180000,M7<=360000),"18%",IF(AND(M7>360000,M7<=720000),"19,5%",IF(AND(M7>720000,M7<=1800000),"20,5%",IF(AND(M7>1800000,M7<=3600000),"23%",IF(AND(M7>3600000,M7<=4800000),"30,5%",0)))))) -> 30,5% | Q8: 6a Faixa | R8: 0.305 | S8: 540000 | T8: De 3.600.000,01 a 4.800.000,00
A9: DEDUÇÃO | B9: =IF(B7<=180000,"0",IF(AND(B7>180000,B7<=360000),"4500",IF(AND(B7>360000,B7<=720000),"9900",IF(AND(B7>720000,B7<=1800000),"17100",IF(AND(B7>1800000,B7<=3600000),"62100",IF(AND(B7>3600000,B7<=4800000),"540000",0)))))) -> 540000 | C9: =IF(C7<=180000,"0",IF(AND(C7>180000,C7<=360000),"4500",IF(AND(C7>360000,C7<=720000),"9900",IF(AND(C7>720000,C7<=1800000),"17100",IF(AND(C7>1800000,C7<=3600000),"62100",IF(AND(C7>3600000,C7<=4800000),"540000",0)))))) -> 540000 | D9: =IF(D7<=180000,"0",IF(AND(D7>180000,D7<=360000),"4500",IF(AND(D7>360000,D7<=720000),"9900",IF(AND(D7>720000,D7<=1800000),"17100",IF(AND(D7>1800000,D7<=3600000),"62100",IF(AND(D7>3600000,D7<=4800000),"540000",0)))))) -> 540000 | E9: =IF(E7<=180000,"0",IF(AND(E7>180000,E7<=360000),"4500",IF(AND(E7>360000,E7<=720000),"9900",IF(AND(E7>720000,E7<=1800000),"17100",IF(AND(E7>1800000,E7<=3600000),"62100",IF(AND(E7>3600000,E7<=4800000),"540000",0)))))) -> 540000 | F9: =IF(F7<=180000,"0",IF(AND(F7>180000,F7<=360000),"4500",IF(AND(F7>360000,F7<=720000),"9900",IF(AND(F7>720000,F7<=1800000),"17100",IF(AND(F7>1800000,F7<=3600000),"62100",IF(AND(F7>3600000,F7<=4800000),"540000",0)))))) -> 540000 | G9: =IF(G7<=180000,"0",IF(AND(G7>180000,G7<=360000),"4500",IF(AND(G7>360000,G7<=720000),"9900",IF(AND(G7>720000,G7<=1800000),"17100",IF(AND(G7>1800000,G7<=3600000),"62100",IF(AND(G7>3600000,G7<=4800000),"540000",0)))))) -> 540000 | H9: =IF(H7<=180000,"0",IF(AND(H7>180000,H7<=360000),"4500",IF(AND(H7>360000,H7<=720000),"9900",IF(AND(H7>720000,H7<=1800000),"17100",IF(AND(H7>1800000,H7<=3600000),"62100",IF(AND(H7>3600000,H7<=4800000),"540000",0)))))) -> 540000 | I9: =IF(I7<=180000,"0",IF(AND(I7>180000,I7<=360000),"4500",IF(AND(I7>360000,I7<=720000),"9900",IF(AND(I7>720000,I7<=1800000),"17100",IF(AND(I7>1800000,I7<=3600000),"62100",IF(AND(I7>3600000,I7<=4800000),"540000",0)))))) -> 540000 | ... M9: =IF(M7<=180000,"0",IF(AND(M7>180000,M7<=360000),"4500",IF(AND(M7>360000,M7<=720000),"9900",IF(AND(M7>720000,M7<=1800000),"17100",IF(AND(M7>1800000,M7<=3600000),"62100",IF(AND(M7>3600000,M7<=4800000),"540000",0)))))) -> 540000
A10: ALÍQ EFETIVA | B10: =(B7*B8-B9)/B7 -> 0.17642857 | C10: =(C7*C8-C9)/C7 -> 0.17642857 | D10: =(D7*D8-D9)/D7 -> 0.17642857 | E10: =(E7*E8-E9)/E7 -> 0.17642857 | F10: =(F7*F8-F9)/F7 -> 0.17642857 | G10: =(G7*G8-G9)/G7 -> 0.17642857 | H10: =(H7*H8-H9)/H7 -> 0.17642857 | I10: =(I7*I8-I9)/I7 -> 0.17642857 | ... M10: =(M7*M8-M9)/M7 -> 0.17642857
A11: SIMPLES DAS | B11: =B4*B10 -> 61750 | C11: =C4*C10 -> 61750 | D11: =D4*D10 -> 61750 | E11: =E4*E10 -> 61750 | F11: =F4*F10 -> 61750 | G11: =G4*G10 -> 61750 | H11: =H4*H10 -> 61750 | I11: =I4*I10 -> 61750 | ... M11: =M4*M10 -> 61750 | O11: =SUM(B11:M11) -> 741000

Sheet Carnê Leão
A1: FATURAMENTO | B1: =SUM(Calculadora!C18:C19) -> 350000
A2: FATURAMENTO | B2: =SUM(B1:B1) -> 350000
A4: DESP. DEDUTÍVEL | B4: =Calculadora!C27-Calculadora!F32-Calculadora!L4-Calculadora!L6-(Calculadora!L4*Calculadora!T4) -> -7288.372
A5: DESP. DEDUTÍVEL | B5: =SUM(B4:B4) -> -7288.372
A7: LÍQUIDO | B7: =B2+B5 -> 342711.63
A10: ALÍQUOTA | B10: =IF(B7<=SUSPENSA!E20,SUSPENSA!H20,IF(AND(B7>SUSPENSA!E21,B7<=SUSPENSA!F21),SUSPENSA!G21,IF(AND(B7>SUSPENSA!E22,B7<=SUSPENSA!F22),SUSPENSA!G22,IF(AND(B7>SUSPENSA!E23,B7<=SUSPENSA!F23),SUSPENSA!G23,IF(AND(B7>SUSPENSA!E24),SUSPENSA!G24,0))))) -> 0.275
A11: DEDUÇÃO | B11: =IF(B7<=SUSPENSA!E20,SUSPENSA!H20,IF(AND(B7>SUSPENSA!E21,B7<=SUSPENSA!F21),SUSPENSA!H21,IF(AND(B7>SUSPENSA!E22,B7<=SUSPENSA!F22),SUSPENSA!H22,IF(AND(B7>SUSPENSA!E23,B7<=SUSPENSA!F23),SUSPENSA!H23,IF(AND(B7>SUSPENSA!E24),SUSPENSA!H24,0))))) -> 896
B12: =(B7*B10)-B11 -> 93349.698

Sheet Lucro Presumido
B1: janeiro | C1: fevereiro | D1: março | E1: abril | F1: maio | G1: junho | H1: julho | I1: agosto | J1: setembro | K1: outubro | L1: novembro | M1: dezembro | O1: TOTAL
A2: VENDA | B2: =Calculadora!C18 -> 0 | C2: =B2 -> 0 | D2: =C2 -> 0 | E2: =D2 -> 0 | F2: =E2 -> 0 | G2: =F2 -> 0 | H2: =G2 -> 0 | I2: =H2 -> 0 | J2: =I2 -> 0 | ... M2: =L2 -> 0
A3: SERVIÇOS | B3: =Calculadora!$C$19 -> 350000 | C3: =Calculadora!$C$19 -> 350000 | D3: =Calculadora!$C$19 -> 350000 | E3: =Calculadora!$C$19 -> 350000 | F3: =Calculadora!$C$19 -> 350000 | G3: =Calculadora!$C$19 -> 350000 | H3: =Calculadora!$C$19 -> 350000 | I3: =Calculadora!$C$19 -> 350000 | ... M3: =Calculadora!$C$19 -> 350000 | O3: =SUM(B3:M3) -> 4200000
A4: FATURAMENTO | B4: =SUM(B2:B3) -> 350000 | C4: =SUM(C2:C3) -> 350000 | D4: =SUM(D2:D3) -> 350000 | E4: =SUM(E2:E3) -> 350000 | F4: =SUM(F2:F3) -> 350000 | G4: =SUM(G2:G3) -> 350000 | H4: =SUM(H2:H3) -> 350000 | I4: =SUM(I2:I3) -> 350000 | ... M4: =SUM(M2:M3) -> 350000 | O4: =O3 -> 4200000
A6: PIS | B6: =B4*0.65% -> 2275 | C6: =C4*0.65% -> 2275 | D6: =D4*0.65% -> 2275 | E6: =E4*0.65% -> 2275 | F6: =F4*0.65% -> 2275 | G6: =G4*0.65% -> 2275 | H6: =H4*0.65% -> 2275 | I6: =I4*0.65% -> 2275 | ... M6: =M4*0.65% -> 2275 | O6: =SUM(B6:M6) -> 27300
A7: COFINS | B7: =B4*3% -> 10500 | C7: =C4*3% -> 10500 | D7: =D4*3% -> 10500 | E7: =E4*3% -> 10500 | F7: =F4*3% -> 10500 | G7: =G4*3% -> 10500 | H7: =H4*3% -> 10500 | I7: =I4*3% -> 10500 | ... M7: =M4*3% -> 10500 | O7: =SUM(B7:M7) -> 126000
A8: ISS | B8: =B4*Calculadora!$C$22 -> 17500 | C8: =C4*Calculadora!$C$22 -> 17500 | D8: =D4*Calculadora!$C$22 -> 17500 | E8: =E4*Calculadora!$C$22 -> 17500 | F8: =F4*Calculadora!$C$22 -> 17500 | G8: =G4*Calculadora!$C$22 -> 17500 | H8: =H4*Calculadora!$C$22 -> 17500 | I8: =I4*Calculadora!$C$22 -> 17500 | ... M8: =M4*Calculadora!$C$22 -> 17500 | O8: =SUM(B8:M8) -> 210000
A9: IRPJ | B9: =B4*Calculadora!$C$20*15% -> 16800 | C9: =C4*Calculadora!$C$20*15% -> 16800 | D9: =D4*Calculadora!$C$20*15% -> 16800 | E9: =E4*Calculadora!$C$20*15% -> 16800 | F9: =F4*Calculadora!$C$20*15% -> 16800 | G9: =G4*Calculadora!$C$20*15% -> 16800 | H9: =H4*Calculadora!$C$20*15% -> 16800 | I9: =I4*Calculadora!$C$20*15% -> 16800 | ... M9: =M4*Calculadora!$C$20*15% -> 16800 | O9: =SUM(B9:M9) -> 201600
A10: ADCIONAL IRPJ | B10: =IF((B4*Calculadora!$C$20)>20000,((('Lucro Presumido'!B4*Calculadora!$C$20)-20000)*10%),0) -> 9200 | C10: =IF((C4*Calculadora!$C$20)>20000,((('Lucro Presumido'!C4*Calculadora!$C$20)-20000)*10%),0) -> 9200 | D10: =IF((D4*Calculadora!$C$20)>20000,((('Lucro Presumido'!D4*Calculadora!$C$20)-20000)*10%),0) -> 9200 | E10: =IF((E4*Calculadora!$C$20)>20000,((('Lucro Presumido'!E4*Calculadora!$C$20)-20000)*10%),0) -> 9200 | F10: =IF((F4*Calculadora!$C$20)>20000,((('Lucro Presumido'!F4*Calculadora!$C$20)-20000)*10%),0) -> 9200 | G10: =IF((G4*Calculadora!$C$20)>20000,((('Lucro Presumido'!G4*Calculadora!$C$20)-20000)*10%),0) -> 9200 | H10: =IF((H4*Calculadora!$C$20)>20000,((('Lucro Presumido'!H4*Calculadora!$C$20)-20000)*10%),0) -> 9200 | I10: =IF((I4*Calculadora!$C$20)>20000,((('Lucro Presumido'!I4*Calculadora!$C$20)-20000)*10%),0) -> 9200 | ... M10: =IF((M4*Calculadora!$C$20)>20000,((('Lucro Presumido'!M4*Calculadora!$C$20)-20000)*10%),0) -> 9200 | O10: =SUM(B10:M10) -> 110400
A11: CSLL | B11: =B4*Calculadora!$C$21*9% -> 10080 | C11: =C4*Calculadora!$C$21*9% -> 10080 | D11: =D4*Calculadora!$C$21*9% -> 10080 | E11: =E4*Calculadora!$C$21*9% -> 10080 | F11: =F4*Calculadora!$C$21*9% -> 10080 | G11: =G4*Calculadora!$C$21*9% -> 10080 | H11: =H4*Calculadora!$C$21*9% -> 10080 | I11: =I4*Calculadora!$C$21*9% -> 10080 | ... M11: =M4*Calculadora!$C$21*9% -> 10080 | O11: =SUM(B11:M11) -> 120960
A12: PRESUMIDO | B12: =SUM(B6:B11) -> 66355 | C12: =SUM(C6:C11) -> 66355 | D12: =SUM(D6:D11) -> 66355 | E12: =SUM(E6:E11) -> 66355 | F12: =SUM(F6:F11) -> 66355 | G12: =SUM(G6:G11) -> 66355 | H12: =SUM(H6:H11) -> 66355 | I12: =SUM(I6:I11) -> 66355 | ... M12: =SUM(M6:M11) -> 66355 | O12: =SUM(B12:M12) -> 796260
A14: EQUIPARAÇÃO HOSPITALAR
A16: CIRURGIA | B16: janeiro | C16: fevereiro | D16: março | E16: abril | F16: maio | G16: junho | H16: julho | I16: agosto | J16: setembro | K16: outubro | L16: novembro | M16: dezembro | O16: TOTAL
A17: VENDA
A18: SERVIÇOS | B18: =Calculadora!$C$19*Calculadora!$T$6 -> 210000 | C18: =Calculadora!$C$19*Calculadora!$T$6 -> 210000 | D18: =Calculadora!$C$19*Calculadora!$T$6 -> 210000 | E18: =Calculadora!$C$19*Calculadora!$T$6 -> 210000 | F18: =Calculadora!$C$19*Calculadora!$T$6 -> 210000 | G18: =Calculadora!$C$19*Calculadora!$T$6 -> 210000 | H18: =Calculadora!$C$19*Calculadora!$T$6 -> 210000 | I18: =Calculadora!$C$19*Calculadora!$T$6 -> 210000 | ... M18: =Calculadora!$C$19*Calculadora!$T$6 -> 210000 | O18: =SUM(B18:M18) -> 2520000
A19: FATURAMENTO | B19: =SUM(B17:B18) -> 210000 | C19: =SUM(C17:C18) -> 210000 | D19: =SUM(D17:D18) -> 210000 | E19: =SUM(E17:E18) -> 210000 | F19: =SUM(F17:F18) -> 210000 | G19: =SUM(G17:G18) -> 210000 | H19: =SUM(H17:H18) -> 210000 | I19: =SUM(I17:I18) -> 210000 | ... M19: =SUM(M17:M18) -> 210000 | O19: =O18 -> 2520000
A21: PIS | B21: =B19*0.65% -> 1365 | C21: =C19*0.65% -> 1365 | D21: =D19*0.65% -> 1365 | E21: =E19*0.65% -> 1365 | F21: =F19*0.65% -> 1365 | G21: =G19*0.65% -> 1365 | H21: =H19*0.65% -> 1365 | I21: =I19*0.65% -> 1365 | ... M21: =M19*0.65% -> 1365 | O21: =SUM(B21:M21) -> 16380
A22: COFINS | B22: =B19*3% -> 6300 | C22: =C19*3% -> 6300 | D22: =D19*3% -> 6300 | E22: =E19*3% -> 6300 | F22: =F19*3% -> 6300 | G22: =G19*3% -> 6300 | H22: =H19*3% -> 6300 | I22: =I19*3% -> 6300 | ... M22: =M19*3% -> 6300 | O22: =SUM(B22:M22) -> 75600
A23: ISS | B23: =B19*Calculadora!$C$22 -> 10500 | C23: =C19*Calculadora!$C$22 -> 10500 | D23: =D19*Calculadora!$C$22 -> 10500 | E23: =E19*Calculadora!$C$22 -> 10500 | F23: =F19*Calculadora!$C$22 -> 10500 | G23: =G19*Calculadora!$C$22 -> 10500 | H23: =H19*Calculadora!$C$22 -> 10500 | I23: =I19*Calculadora!$C$22 -> 10500 | ... M23: =M19*Calculadora!$C$22 -> 10500 | O23: =SUM(B23:M23) -> 126000
A24: IRPJ | B24: =B19*8%*15% -> 2520 | C24: =C19*8%*15% -> 2520 | D24: =D19*8%*15% -> 2520 | E24: =E19*8%*15% -> 2520 | F24: =F19*8%*15% -> 2520 | G24: =G19*8%*15% -> 2520 | H24: =H19*8%*15% -> 2520 | I24: =I19*8%*15% -> 2520 | ... M24: =M19*8%*15% -> 2520 | O24: =SUM(B24:M24) -> 30240
A25: ADCIONAL IRPJ | B25: =IF((B19*8%)>20000,((('Lucro Presumido'!B19*8%)-20000)*10%),0) -> 0 | C25: =IF((C19*8%)>20000,((('Lucro Presumido'!C19*8%)-20000)*10%),0) -> 0 | D25: =IF((D19*8%)>20000,((('Lucro Presumido'!D19*8%)-20000)*10%),0) -> 0 | E25: =IF((E19*8%)>20000,((('Lucro Presumido'!E19*8%)-20000)*10%),0) -> 0 | F25: =IF((F19*8%)>20000,((('Lucro Presumido'!F19*8%)-20000)*10%),0) -> 0 | G25: =IF((G19*8%)>20000,((('Lucro Presumido'!G19*8%)-20000)*10%),0) -> 0 | H25: =IF((H19*8%)>20000,((('Lucro Presumido'!H19*8%)-20000)*10%),0) -> 0 | I25: =IF((I19*8%)>20000,((('Lucro Presumido'!I19*8%)-20000)*10%),0) -> 0 | ... M25: =IF((M19*8%)>20000,((('Lucro Presumido'!M19*8%)-20000)*10%),0) -> 0 | O25: =SUM(B25:M25) -> 0
A26: CSLL | B26: =B19*12%*9% -> 2268 | C26: =C19*12%*9% -> 2268 | D26: =D19*12%*9% -> 2268 | E26: =E19*12%*9% -> 2268 | F26: =F19*12%*9% -> 2268 | G26: =G19*12%*9% -> 2268 | H26: =H19*12%*9% -> 2268 | I26: =I19*12%*9% -> 2268 | ... M26: =M19*12%*9% -> 2268 | O26: =SUM(B26:M26) -> 27216
A27: PRESUMIDO | B27: =SUM(B21:B26) -> 22953 | C27: =SUM(C21:C26) -> 22953 | D27: =SUM(D21:D26) -> 22953 | E27: =SUM(E21:E26) -> 22953 | F27: =SUM(F21:F26) -> 22953 | G27: =SUM(G21:G26) -> 22953 | H27: =SUM(H21:H26) -> 22953 | I27: =SUM(I21:I26) -> 22953 | ... M27: =SUM(M21:M26) -> 22953 | O27: =SUM(B27:M27) -> 275436
A29: CONSULTA | B29: janeiro | C29: fevereiro | D29: março | E29: abril | F29: maio | G29: junho | H29: julho | I29: agosto | J29: setembro | K29: outubro | L29: novembro | M29: dezembro | O29: TOTAL
A30: VENDA
A31: SERVIÇOS | B31: =Calculadora!$C$19*Calculadora!$T$7 -> 140000 | C31: =Calculadora!$C$19*Calculadora!$T$7 -> 140000 | D31: =Calculadora!$C$19*Calculadora!$T$7 -> 140000 | E31: =Calculadora!$C$19*Calculadora!$T$7 -> 140000 | F31: =Calculadora!$C$19*Calculadora!$T$7 -> 140000 | G31: =Calculadora!$C$19*Calculadora!$T$7 -> 140000 | H31: =Calculadora!$C$19*Calculadora!$T$7 -> 140000 | I31: =Calculadora!$C$19*Calculadora!$T$7 -> 140000 | ... M31: =Calculadora!$C$19*Calculadora!$T$7 -> 140000 | O31: =SUM(B31:M31) -> 1680000
A32: FATURAMENTO | B32: =SUM(B30:B31) -> 140000 | C32: =SUM(C30:C31) -> 140000 | D32: =SUM(D30:D31) -> 140000 | E32: =SUM(E30:E31) -> 140000 | F32: =SUM(F30:F31) -> 140000 | G32: =SUM(G30:G31) -> 140000 | H32: =SUM(H30:H31) -> 140000 | I32: =SUM(I30:I31) -> 140000 | ... M32: =SUM(M30:M31) -> 140000 | O32: =O31 -> 1680000
A34: PIS | B34: =B32*0.65% -> 910 | C34: =C32*0.65% -> 910 | D34: =D32*0.65% -> 910 | E34: =E32*0.65% -> 910 | F34: =F32*0.65% -> 910 | G34: =G32*0.65% -> 910 | H34: =H32*0.65% -> 910 | I34: =I32*0.65% -> 910 | ... M34: =M32*0.65% -> 910 | O34: =SUM(B34:M34) -> 10920
A35: COFINS | B35: =B32*3% -> 4200 | C35: =C32*3% -> 4200 | D35: =D32*3% -> 4200 | E35: =E32*3% -> 4200 | F35: =F32*3% -> 4200 | G35: =G32*3% -> 4200 | H35: =H32*3% -> 4200 | I35: =I32*3% -> 4200 | ... M35: =M32*3% -> 4200 | O35: =SUM(B35:M35) -> 50400
A36: ISS | B36: =B32*Calculadora!$C$22 -> 7000 | C36: =C32*Calculadora!$C$22 -> 7000 | D36: =D32*Calculadora!$C$22 -> 7000 | E36: =E32*Calculadora!$C$22 -> 7000 | F36: =F32*Calculadora!$C$22 -> 7000 | G36: =G32*Calculadora!$C$22 -> 7000 | H36: =H32*Calculadora!$C$22 -> 7000 | I36: =I32*Calculadora!$C$22 -> 7000 | ... M36: =M32*Calculadora!$C$22 -> 7000 | O36: =SUM(B36:M36) -> 84000
A37: IRPJ | B37: =B32*32%*15% -> 6720 | C37: =C32*32%*15% -> 6720 | D37: =D32*32%*15% -> 6720 | E37: =E32*32%*15% -> 6720 | F37: =F32*32%*15% -> 6720 | G37: =G32*32%*15% -> 6720 | H37: =H32*32%*15% -> 6720 | I37: =I32*32%*15% -> 6720 | ... M37: =M32*32%*15% -> 6720 | O37: =SUM(B37:M37) -> 80640
A38: ADCIONAL IRPJ | B38: =IF((B32*32%)>20000,((('Lucro Presumido'!B32*32%)-20000)*10%),0) -> 2480 | C38: =IF((C32*32%)>20000,((('Lucro Presumido'!C32*32%)-20000)*10%),0) -> 2480 | D38: =IF((D32*32%)>20000,((('Lucro Presumido'!D32*32%)-20000)*10%),0) -> 2480 | E38: =IF((E32*32%)>20000,((('Lucro Presumido'!E32*32%)-20000)*10%),0) -> 2480 | F38: =IF((F32*32%)>20000,((('Lucro Presumido'!F32*32%)-20000)*10%),0) -> 2480 | G38: =IF((G32*32%)>20000,((('Lucro Presumido'!G32*32%)-20000)*10%),0) -> 2480 | H38: =IF((H32*32%)>20000,((('Lucro Presumido'!H32*32%)-20000)*10%),0) -> 2480 | I38: =IF((I32*32%)>20000,((('Lucro Presumido'!I32*32%)-20000)*10%),0) -> 2480 | ... M38: =IF((M32*32%)>20000,((('Lucro Presumido'!M32*32%)-20000)*10%),0) -> 2480 | O38: =SUM(B38:M38) -> 29760
A39: CSLL | B39: =B32*32%*9% -> 4032 | C39: =C32*32%*9% -> 4032 | D39: =D32*32%*9% -> 4032 | E39: =E32*32%*9% -> 4032 | F39: =F32*32%*9% -> 4032 | G39: =G32*32%*9% -> 4032 | H39: =H32*32%*9% -> 4032 | I39: =I32*32%*9% -> 4032 | ... M39: =M32*32%*9% -> 4032 | O39: =SUM(B39:M39) -> 48384
A40: PRESUMIDO | B40: =SUM(B34:B39) -> 25342 | C40: =SUM(C34:C39) -> 25342 | D40: =SUM(D34:D39) -> 25342 | E40: =SUM(E34:E39) -> 25342 | F40: =SUM(F34:F39) -> 25342 | G40: =SUM(G34:G39) -> 25342 | H40: =SUM(H34:H39) -> 25342 | I40: =SUM(I34:I39) -> 25342 | ... M40: =SUM(M34:M39) -> 25342 | O40: =SUM(B40:M40) -> 304104

Sheet resumo
B2: Anexo 3 | C2: ='ANEXO 3'!O11 -> 738000
B3: Anexo 5 | C3: ='ANEXO 5'!O11 -> 741000
B4: 0 | C4: 0
B6: PIS | C6: ='Lucro Presumido'!O6 -> 27300
B7: COFINS | C7: ='Lucro Presumido'!O7 -> 126000
B8: ISS | C8: ='Lucro Presumido'!O8 -> 210000
B9: IRPJ | C9: ='Lucro Presumido'!O9 -> 201600
B10: ADCIONAL IRPJ | C10: ='Lucro Presumido'!O10 -> 110400
B11: CSLL | C11: ='Lucro Presumido'!O11 -> 120960
B12: Presumido | C12: ='Lucro Presumido'!O12 -> 796260
B14: PIS | C14: =SUM('Lucro Presumido'!O21+'Lucro Presumido'!O34) -> 27300
B15: COFINS | C15: =SUM('Lucro Presumido'!O22,'Lucro Presumido'!O35) -> 126000
B16: ISS | C16: =SUM('Lucro Presumido'!O23,'Lucro Presumido'!O36) -> 210000
B17: IRPJ | C17: =SUM('Lucro Presumido'!O24,'Lucro Presumido'!O37) -> 110880
B18: ADCIONAL IRPJ | C18: =SUM('Lucro Presumido'!O25,'Lucro Presumido'!O38) -> 29760
B19: CSLL | C19: =SUM('Lucro Presumido'!O26,'Lucro Presumido'!O39) -> 75600
B20: Presumido Equip Hosp | C20: =SUM('Lucro Presumido'!O27,'Lucro Presumido'!O40) -> 579540
B22: Carnê Leão | C22: ='Carnê Leão'!B12 -> 93349.698

Sheet Apresentação
B4: FATURAMENTO MENSAL | H4: DESPESA MENSAL | K4: FOLHA | N4: PRÓ LABORE • ANEXO 3 | R4: PRÓ LABORE • ANEXO 5 ou LP
B5: 30000 | H5: 3600 | K5: =Calculadora!L4 -> 1518 | N5: 1518 | R5: 1518
R12: LUCRO PRESUMIDO UNIPROFISSIONAL
B16: IR Carnê Leão a pagar: | E16: Impostos: | H16: DAS a pagar: | K16: DAS a pagar: | N16: Impostos a Pagar: | R16: Impostos a Pagar: | U16: Impostos a Pagar:
B17: =Calculadora!F25 -> 93349.698 | E17: 0 | H17: =Calculadora!L25 -> 61500 | K17: =Calculadora!O25 -> 61750 | N17: =Calculadora!R25 -> 66355 | R17: =Calculadora!U25 -> 48899.16 | U17: =Calculadora!X38 -> 48295
B19: INSS Pró-Labore: | E19: INSS Salário: | H19: INSS Pró-Labore: | K19: INSS Pró-Labore: | N19: INSS Pró-Labore: | R19: INSS Pró-Labore: | U19: INSS Pró-Labore:
B20: =Calculadora!F32 -> 1631.482 | E20: =Calculadora!I27 -> 951.62 | H20: =SUM(Calculadora!L27:L28) -> 166.98 | K20: =SUM(Calculadora!O27:O28) -> 166.98 | N20: =SUM(Calculadora!R27:R28) -> 470.58 | R20: =SUM(Calculadora!U27:U28) -> 470.58 | U20: =SUM(Calculadora!X27,Calculadora!X28) -> 470.58
B22: IRRF Pró-Labore: | E22: IR Salário: | H22: IRRF Pró-Labore: | K22: IRRF Pró-Labore: | N22: IRRF Pró-Labore: | R22: IRRF Pró-Labore: | U22: IRRF Pró-Labore:
B23: 0 | E23: =Calculadora!I32 -> 95092.305 | H23: =SUM(Calculadora!L32) -> 0 | K23: =Calculadora!O32 -> 0 | N23: =Calculadora!R32 -> 0 | R23: =Calculadora!U32 -> 0 | U23: =Calculadora!X32 -> 0
B25: INSS + FGTS Folha | E25: INSS + FGTS Folha | H25: INSS + FGTS Folha | K25: INSS + FGTS Folha | N25: INSS + FGTS Folha | R25: INSS + FGTS Folha | U25: INSS + FGTS Folha
B26: =(Calculadora!L4*Calculadora!T4)+Calculadora!L6 -> 538.89 | E26: 0 | H26: =Calculadora!L6 -> 121.44 | K26: =Calculadora!L6 -> 121.44 | N26: =(Calculadora!L4*Calculadora!T4)+Calculadora!L6 -> 538.89 | R26: =(Calculadora!L4*Calculadora!T4)+Calculadora!L6 -> 538.89 | U26: =(Calculadora!L4*Calculadora!T4)+Calculadora!L6 -> 538.89
B29: IMPOSTOS A PAGAR: | E29: IMPOSTOS A PAGAR: | H29: IMPOSTOS A PAGAR: | K29: IMPOSTOS A PAGAR: | N29: IMPOSTOS A PAGAR: | R29: IMPOSTOS A PAGAR: | U29: IMPOSTOS A PAGAR:
B30: =B17+B20+B23+B26 -> 95520.07 | E30: =E17+E20+E23+E26 -> 96043.925 | H30: =H17+H20+H23+H26 -> 61788.42 | K30: =K17+K20+K23+K26 -> 62038.42 | N30: =N17+N20+N23+N26 -> 67364.47 | R30: =R17+R20+R23+R26 -> 49908.63 | U30: =U17+U20+U23+U26 -> 49304.47
B32: ALÍQ IR | C32: =B17/B5 -> 3.1116566 | E32: ALÍQ IR | F32: =E23/B5 -> 3.1697435 | H32: ALÍQ DAS | I32: =H17/B5 -> 2.05 | K32: ALÍQ DAS | L32: =K17/B5 -> 2.0583333 | N32: ALÍQ IMPOSTO | P32: =N17/B5 -> 2.2118333 | R32: ALÍQ IMPOSTO | S32: =R17/B5 -> 1.629972 | U32: ALÍQ IMPOSTO | V32: =U17/B5 -> 1.6098333
B33: ALÍQ INSS | C33: =(B20+B23+B26)/B5 -> 0.072345733 | E33: ALÍQ INSS | F33: =E20/B5 -> 0.031720667 | H33: ALÍQ INSS + IR | I33: =(H23+H20+H26)/$B$5 -> 0.009614 | K33: ALÍQ INSS + IR | L33: =(K23+K20+K26)/$B$5 -> 0.009614 | N33: ALÍQ INSS + IR | P33: =(N23+N20+N26)/$B$5 -> 0.033649 | R33: ALÍQ INSS + IR | S33: =(R23+R20+R26)/$B$5 -> 0.033649 | U33: ALÍQ INSS + IR | V33: =(U23+U20+U26)/$B$5 -> 0.033649
B35: ALÍQUOTA FINAL EFETIVA | E35: ALÍQUOTA FINAL EFETIVA | H35: ALÍQUOTA FINAL EFETIVA | K35: ALÍQUOTA FINAL EFETIVA | N35: ALÍQUOTA FINAL EFETIVA | R35: ALÍQUOTA FINAL EFETIVA | U35: ALÍQUOTA FINAL EFETIVA
B36: =B30/B5 -> 3.1840023 | E36: =E30/B5 -> 3.2014642 | H36: =H30/B5 -> 2.059614 | K36: =K30/B5 -> 2.0679473 | N36: =N30/B5 -> 2.2454823 | R36: =R30/B5 -> 1.663621 | U36: =U30/B5 -> 1.6434823
H38: =Calculadora!K14 -> DESCONSIDERE O CÁLCULO DO ANEXO 3, VOCÊ NÃO ATINGIU O FATOR R

Sheet Calculadora
A1: PLANEJAMENTO TRIBUTÁRIO MÉDICO
E4: FATURAMENTO SERVIÇOS | H4: 350000 | I4: + | K4: FOLHA DE PAGAMENTO | L4: 1518 | M4: + | O4: ISS | Q4: 0.05 | R4: INSS + 3º + RAT + FAP | T4: 0.275
E6: DESPESA MENSAL | H6: 3600 | I6: + | K6: FGTS 8% | L6: =L4*8% -> 121.44 | O6: CPP | Q6: ='ANEXO 3'!O14/12 -> 18757.5 | R6: CIRURGIA/PROC/EXAME | T6: 0.6 | U6: EQUIP HOSP
K7: PRÓ LABORE OBRIGATÓRIO | R7: CONSULTA | T7: 0.4
E8: INSS CARNÊ LEÃO 20% | H8: =IF(Q9="não",C28*20%,0) -> 1631.482 | I8: + | K8: =IF((((((H4)*28%)-L4)-L6)-Q6)<SUSPENSA!F2,SUSPENSA!F2,(((((H4)*28%)-L4)-L6)-Q6)) -> 77603.06 | L8: 1518 | M8: + | P8: PRÓ LABORE LP ou ANEXO 5 | Q8: 1518
E9: INSS CARNÊ LEÃO 11% SM | H9: =IF(Q9="não",(11%*SUSPENSA!F2),0) -> 166.98 | I9: + | P9: JÁ RECOLHE INSS NO TETO? | Q9: NÃO
B11: DADOS DA EMPRESA | E11: ATUANDO COMO PF ou CLT | K11: ATUANDO COMO PJ
K14: =IF(L8<K8,"DESCONSIDERE O CÁLCULO DO ANEXO 3, VOCÊ NÃO ATINGIU O FATOR R","VOCÊ ATINGIU O FATOR R, POR ISSO PODERÁ SER ENQUADRADO NO ANEXO 3 TAMBÉM") -> DESCONSIDERE O CÁLCULO DO ANEXO 3, VOCÊ NÃO ATINGIU O FATOR R
E16: CARNÊ LEÃO | H16: CLT | K16: SIMPLES NACIONAL ANEXO 3 | N16: SIMPLES NACIONAL ANEXO 5 | Q16: LUCRO PRESUMIDO | T16: LUCRO PRESUMIDO UNIPROFISSIONAL | W16: LUCRO PRESUMIDO EQUIPARAÇÃO HOSP
B17: QTD SÓCIOS | C17: 1
B19: SERVIÇOS | C19: =H4 -> 350000 | E19: QUAL OPÇÃO PLANO DE INSS? | K19: Anexo 3 | L19: =VLOOKUP(K19,resumo!$B$2:$C$3,2,0) -> 738000 | N19: Anexo 5 | O19: =VLOOKUP(N19,resumo!$B$2:$C$3,2,0) -> 741000 | Q19: PIS | R19: =resumo!C6 -> 27300 | T19: PIS | U19: =resumo!C6 -> 27300 | W19: PIS | X19: =resumo!C14 -> 27300
B20: BASE DE CÁLCULO IR | C20: 0.32 | K20: 0 | L20: =VLOOKUP(K20,resumo!$B$2:$C$4,2,0) -> 0 | N20: 0 | O20: =VLOOKUP(N20,resumo!$B$2:$C$4,2,0) -> 0 | Q20: COFINS | R20: =resumo!C7 -> 126000 | T20: COFINS | U20: =resumo!C7 -> 126000 | W20: COFINS | X20: =resumo!C15 -> 126000
B21: BASE DE CÁLCULO CS | C21: 0.32 | F21: PF E PJ - COD 1007 - 20% REND | Q21: ISS | R21: =resumo!C8 -> 210000 | T21: ISS | U21: =C23*12 -> 529.92 | W21: ISS | X21: =resumo!C16 -> 210000
B22: ISS | C22: =Q4 -> 0.05 | Q22: IRPJ | R22: =SUM(resumo!C9:C10) -> 312000 | T22: IRPJ | U22: =SUM(resumo!C9:C10) -> 312000 | W22: IRPJ | X22: =SUM(resumo!C17:C18) -> 140640
B23: ISS UNIPROFISSIONAL 2024 | C23: 44.16 | Q23: CSLL | R23: =resumo!C11 -> 120960 | T23: CSLL | U23: =resumo!C11 -> 120960 | W23: CSLL | X23: =resumo!C19 -> 75600
B24: PRÓ-LABORE opção 3 | C24: =L8 -> 1518 | H24: Impostos Ano | I24: =SUM(I19:I23) -> 0 | K24: DAS ANO | L24: =SUM(L19:L23) -> 738000 | N24: DAS ANO | O24: =SUM(O19:O23) -> 741000 | Q24: Impostos Ano | R24: =SUM(R19:R23) -> 796260 | T24: Impostos Ano | U24: =SUM(U19:U23) -> 586789.92 | W24: Impostos Ano | X24: =SUM(X19:X23) -> 579540
B25: PRÓ-LABORE opção 5 ou LP | C25: =Q8 -> 1518 | E25: Impostos Mês (IR) | F25: =resumo!C22 -> 93349.698 | H25: Impostos Mês | I25: =I24/12 -> 0 | K25: DAS MÊS | L25: =L24/12 -> 61500 | N25: DAS MÊS | O25: =O24/12 -> 61750 | Q25: Impostos Mês | R25: =R24/12 -> 66355 | T25: Impostos Mês | U25: =U24/12 -> 48899.16 | W25: Impostos Mês | X25: =X24/12 -> 48295
H26: =IF(C19<=SUSPENSA!E6,SUSPENSA!G6,IF(AND(C19>SUSPENSA!E7,C19<=SUSPENSA!F7),SUSPENSA!G7,IF(AND(C19>SUSPENSA!E8,C19<=SUSPENSA!F8),SUSPENSA!G8,IF(AND(C19>SUSPENSA!E9,C19<=SUSPENSA!F9),SUSPENSA!G9,IF(AND(C19>SUSPENSA!F9),SUSPENSA!F12))))) -> 951.62 | I26: =IF(C19<=SUSPENSA!E6,"0",IF(AND(C19>SUSPENSA!E7,C19<=SUSPENSA!F7),SUSPENSA!H7,IF(AND(C19>SUSPENSA!E8,C19<=SUSPENSA!F8),SUSPENSA!H8,IF(AND(C19>SUSPENSA!E9,C19<=SUSPENSA!F9),SUSPENSA!H9,IF(AND(C19>SUSPENSA!F9),"0"))))) -> 0 | L26: =IF(C24>SUSPENSA!F15,SUSPENSA!F16,C24*11%) -> 166.98 | O26: =IF(C25>SUSPENSA!F15,SUSPENSA!F16,C25*11%) -> 166.98 | R26: =IF(C25>SUSPENSA!F15,SUSPENSA!F16,C25*11%) -> 166.98 | U26: =IF(C25>SUSPENSA!F15,SUSPENSA!F16,C25*11%) -> 166.98 | X26: =IF(C25>SUSPENSA!F15,SUSPENSA!F16,C25*11%) -> 166.98
B27: Despesas Dedutíveis | C27: =H6*-1 -> -3600 | E27: INSS | F27: =IF(F21="PF E PJ - COD 1007 - 20% REND",H8,H9) -> 1631.482 | H27: INSS | I27: =IF(H26=SUSPENSA!F12,SUSPENSA!F12,H26*C19-I26) -> 951.62 | K27: INSS | L27: =IF(Q9="SIM",0,L26) -> 166.98 | N27: INSS | O27: =IF(Q9="SIM",0,O26) -> 166.98 | Q27: INSS | R27: =IF(Q9="SIM",0,R26) -> 166.98 | T27: INSS | U27: =IF(Q9="SIM",0,U26) -> 166.98 | W27: INSS | X27: =IF(Q9="SIM",0,X26) -> 166.98
B28: Base de INSS Carnê Leão | C28: =IF(C19>SUSPENSA!F3,SUSPENSA!F3,C19) -> 8157.41 | K28: INSS PARTE EMPRESA | L28: =C24*0% -> 0 | N28: INSS PARTE EMPRESA | O28: =C25*0% -> 0 | Q28: INSS PARTE EMPRESA | R28: =C25*20% -> 303.6 | T28: INSS PARTE EMPRESA | U28: =C25*20% -> 303.6 | W28: INSS PARTE EMPRESA | X28: =C25*20% -> 303.6
H29: faixa | I29: =C19-I27 -> 349048.38 | K29: faixa | L29: =IF(L27<=564.8,C24-564.8,C24-L27) -> 953.2 | N29: faixa | O29: =IF(O27<=564.8,C25-564.8,C25-O27) -> 953.2 | Q29: faixa | R29: =IF(R27<=564.8,C25-564.8,C25-R27) -> 953.2 | T29: faixa | U29: =IF(U27<=564.8,C25-564.8,C25-U27) -> 953.2 | W29: faixa | X29: =IF(X27<=564.8,C25-564.8,C25-X27) -> 953.2
H30: alíquota | I30: =IF(I29<=SUSPENSA!$E$20,SUSPENSA!$G$20,IF(AND(I29>SUSPENSA!$E$21,I29<=SUSPENSA!$F$21),SUSPENSA!$G$21,IF(AND(I29>SUSPENSA!$E$22,I29<=SUSPENSA!$F$22),SUSPENSA!$G$22,IF(AND(I29>SUSPENSA!$E$23,I29<=SUSPENSA!$F$23),SUSPENSA!$G$23,IF(AND(I29>SUSPENSA!$E$24),SUSPENSA!$G$24,0))))) -> 0.275 | K30: alíquota | L30: =IF(L29<=SUSPENSA!$E$20,SUSPENSA!$G$20,IF(AND(L29>SUSPENSA!$E$21,L29<=SUSPENSA!$F$21),SUSPENSA!$G$21,IF(AND(L29>SUSPENSA!$E$22,L29<=SUSPENSA!$F$22),SUSPENSA!$G$22,IF(AND(L29>SUSPENSA!$E$23,L29<=SUSPENSA!$F$23),SUSPENSA!$G$23,IF(AND(L29>SUSPENSA!$E$24),SUSPENSA!$G$24,0))))) -> 0 | N30: alíquota | O30: =IF(O29<=SUSPENSA!$E$20,SUSPENSA!$G$20,IF(AND(O29>SUSPENSA!$E$21,O29<=SUSPENSA!$F$21),SUSPENSA!$G$21,IF(AND(O29>SUSPENSA!$E$22,O29<=SUSPENSA!$F$22),SUSPENSA!$G$22,IF(AND(O29>SUSPENSA!$E$23,O29<=SUSPENSA!$F$23),SUSPENSA!$G$23,IF(AND(O29>SUSPENSA!$E$24),SUSPENSA!$G$24,0))))) -> 0 | Q30: alíquota | R30: =IF(R29<=SUSPENSA!$E$20,SUSPENSA!$G$20,IF(AND(R29>SUSPENSA!$E$21,R29<=SUSPENSA!$F$21),SUSPENSA!$G$21,IF(AND(R29>SUSPENSA!$E$22,R29<=SUSPENSA!$F$22),SUSPENSA!$G$22,IF(AND(R29>SUSPENSA!$E$23,R29<=SUSPENSA!$F$23),SUSPENSA!$G$23,IF(AND(R29>SUSPENSA!$E$24),SUSPENSA!$G$24,0))))) -> 0 | T30: alíquota | U30: =IF(U29<=SUSPENSA!$E$20,SUSPENSA!$G$20,IF(AND(U29>SUSPENSA!$E$21,U29<=SUSPENSA!$F$21),SUSPENSA!$G$21,IF(AND(U29>SUSPENSA!$E$22,U29<=SUSPENSA!$F$22),SUSPENSA!$G$22,IF(AND(U29>SUSPENSA!$E$23,U29<=SUSPENSA!$F$23),SUSPENSA!$G$23,IF(AND(U29>SUSPENSA!$E$24),SUSPENSA!$G$24,0))))) -> 0 | W30: alíquota | X30: =IF(X29<=SUSPENSA!$E$20,SUSPENSA!$G$20,IF(AND(X29>SUSPENSA!$E$21,X29<=SUSPENSA!$F$21),SUSPENSA!$G$21,IF(AND(X29>SUSPENSA!$E$22,X29<=SUSPENSA!$F$22),SUSPENSA!$G$22,IF(AND(X29>SUSPENSA!$E$23,X29<=SUSPENSA!$F$23),SUSPENSA!$G$23,IF(AND(X29>SUSPENSA!$E$24),SUSPENSA!$G$24,0))))) -> 0
H31: dedução | I31: =IF(I29<=SUSPENSA!$E$20,SUSPENSA!$H$20,IF(AND(I29>SUSPENSA!$E$21,I29<=SUSPENSA!$F$215),SUSPENSA!$H$21,IF(AND(I29>SUSPENSA!$E$22,I29<=SUSPENSA!$F$22),SUSPENSA!$H$22,IF(AND(I29>SUSPENSA!$E$23,I29<=SUSPENSA!$F$23),SUSPENSA!$H$23,IF(AND(I29>SUSPENSA!$E$24),SUSPENSA!$H$24,0))))) -> 896 | K31: dedução | L31: =IF(L29<=SUSPENSA!$E$20,SUSPENSA!$H$20,IF(AND(L29>SUSPENSA!$E$21,L29<=SUSPENSA!$F$21),SUSPENSA!$H$21,IF(AND(L29>SUSPENSA!$E$22,L29<=SUSPENSA!$F$22),SUSPENSA!$H$22,IF(AND(L29>SUSPENSA!$E$23,L29<=SUSPENSA!$F$23),SUSPENSA!$H$23,IF(AND(L29>SUSPENSA!$E$24),SUSPENSA!$H$24,0))))) -> 0 | N31: dedução | O31: =IF(O29<=SUSPENSA!$E$20,SUSPENSA!$H$20,IF(AND(O29>SUSPENSA!$E$21,O29<=SUSPENSA!$F$21),SUSPENSA!$H$21,IF(AND(O29>SUSPENSA!$E$22,O29<=SUSPENSA!$F$22),SUSPENSA!$H$22,IF(AND(O29>SUSPENSA!$E$23,O29<=SUSPENSA!$F$23),SUSPENSA!$H$23,IF(AND(O29>SUSPENSA!$E$24),SUSPENSA!$H$24,0))))) -> 0 | Q31: dedução | R31: =IF(R29<=SUSPENSA!$E$20,SUSPENSA!$H$20,IF(AND(R29>SUSPENSA!$E$21,R29<=SUSPENSA!$F$21),SUSPENSA!$H$21,IF(AND(R29>SUSPENSA!$E$22,R29<=SUSPENSA!$F$22),SUSPENSA!$H$22,IF(AND(R29>SUSPENSA!$E$23,R29<=SUSPENSA!$F$23),SUSPENSA!$H$23,IF(AND(R29>SUSPENSA!$E$24),SUSPENSA!$H$24,0))))) -> 0 | T31: dedução | U31: =IF(U29<=SUSPENSA!$E$20,SUSPENSA!$H$20,IF(AND(U29>SUSPENSA!$E$21,U29<=SUSPENSA!$F$21),SUSPENSA!$H$21,IF(AND(U29>SUSPENSA!$E$22,U29<=SUSPENSA!$F$22),SUSPENSA!$H$22,IF(AND(U29>SUSPENSA!$E$23,U29<=SUSPENSA!$F$23),SUSPENSA!$H$23,IF(AND(U29>SUSPENSA!$E$24),SUSPENSA!$H$24,0))))) -> 0 | W31: dedução | X31: =IF(X29<=SUSPENSA!$E$20,SUSPENSA!$H$20,IF(AND(X29>SUSPENSA!$E$21,X29<=SUSPENSA!$F$21),SUSPENSA!$H$21,IF(AND(X29>SUSPENSA!$E$22,X29<=SUSPENSA!$F$22),SUSPENSA!$H$22,IF(AND(X29>SUSPENSA!$E$23,X29<=SUSPENSA!$F$23),SUSPENSA!$H$23,IF(AND(X29>SUSPENSA!$E$24),SUSPENSA!$H$24,0))))) -> 0
E32: Impostos sobre pró-labore TOTAL | F32: =F34*F27 -> 1631.482 | H32: IR | I32: =I29*I30-I31 -> 95092.305 | K32: IR | L32: =L29*L30-L31 -> 0 | N32: IR | O32: =O29*O30-O31 -> 0 | Q32: IR | R32: =R29*R30-R31 -> 0 | T32: IR | U32: =U29*U30-U31 -> 0 | W32: IR | X32: =X29*X30-X31 -> 0
B33: SERVIÇOS | C33: =H4 -> 350000 | K33: Impostos sobre pró-labore | L33: =L27+L28+L32 -> 166.98 | N33: Impostos sobre pró-labore | O33: =O27+O28+O32 -> 166.98 | Q33: Impostos sobre pró-labore | R33: =R27+R28+R32 -> 470.58 | T33: Impostos sobre pró-labore | U33: =U27+U28+U32 -> 470.58 | W33: Impostos sobre pró-labore | X33: =X27+X28+X32 -> 470.58
E34: SÓCIOS | F34: =C17 -> 1 | K34: SÓCIOS | L34: =C17 -> 1 | N34: SÓCIOS | O34: =C17 -> 1 | Q34: SÓCIOS | R34: =C17 -> 1 | T34: SÓCIOS | U34: =C17 -> 1 | W34: SÓCIOS | X34: =C17 -> 1
D35: =1680-564.8 -> 1115.2 | K35: Impostos sobre pró-labore TOTAL | L35: =L33*L34 -> 166.98 | N35: Impostos sobre pró-labore TOTAL | O35: =O33*O34 -> 166.98 | Q35: Impostos sobre pró-labore TOTAL | R35: =R33*R34 -> 470.58 | T35: Impostos sobre pró-labore TOTAL | U35: =U33*U34 -> 470.58 | W35: Impostos sobre pró-labore TOTAL | X35: =X33*X34 -> 470.58
E37: VALOR DE IMPOSTO A PAGAR | H37: VALOR DE IMPOSTO A PAGAR | K37: VALOR DE DAS A PAGAR | N37: VALOR DE DAS A PAGAR | Q37: VALOR DE IMPOSTO A PAGAR | T37: VALOR DE IMPOSTO A PAGAR | W37: VALOR DE IMPOSTO A PAGAR
F38: =F25 -> 93349.698 | I38: =I32 -> 95092.305 | L38: =L25 -> 61500 | O38: =O25 -> 61750 | R38: =R25 -> 66355 | U38: =U25 -> 48899.16 | X38: =X25 -> 48295
E40: IMPOSTOS SOBRE PRÓ LABORE | H40: IMPOSTOS SOBRE PRÓ LABORE | K40: IMPOSTOS SOBRE PRÓ LABORE | N40: IMPOSTOS SOBRE PRÓ LABORE | Q40: IMPOSTOS SOBRE PRÓ LABORE | T40: IMPOSTOS SOBRE PRÓ LABORE | W40: IMPOSTOS SOBRE PRÓ LABORE
F41: =F32 -> 1631.482 | I41: =I27 -> 951.62 | L41: =L35 -> 166.98 | O41: =O35 -> 166.98 | R41: =R35 -> 470.58 | U41: =U35 -> 470.58 | X41: =X35 -> 470.58
E43: IMPOSTOS SOBRE FOLHA | H43: IMPOSTOS SOBRE FOLHA | K43: IMPOSTOS SOBRE FOLHA | N43: IMPOSTOS SOBRE FOLHA | Q43: IMPOSTOS SOBRE FOLHA | T43: IMPOSTOS SOBRE FOLHA | W43: IMPOSTOS SOBRE FOLHA
F44: =(L4*T4)+L6 -> 538.89 | I44: 0 | L44: =L6 -> 121.44 | O44: =L6 -> 121.44 | R44: =(Calculadora!L4*Calculadora!T4)+Calculadora!L6 -> 538.89 | U44: =(Calculadora!L4*Calculadora!T4)+Calculadora!L6 -> 538.89 | X44: =(Calculadora!L4*Calculadora!T4)+Calculadora!L6 -> 538.89
E46: VALOR DE IMPOSTOS | H46: VALOR DE IMPOSTOS | K46: VALOR DE IMPOSTOS | N46: VALOR DE IMPOSTOS | Q46: VALOR DE IMPOSTOS | T46: VALOR DE IMPOSTOS | W46: VALOR DE IMPOSTOS
F47: =F38+F41+F44 -> 95520.07 | I47: =I38+I41+I44 -> 96043.925 | L47: =L38+L41+L44 -> 61788.42 | O47: =O38+O41+O44 -> 62038.42 | R47: =R38+R41+R44 -> 67364.47 | U47: =U38+U41+U44 -> 49908.63 | X47: =X38+X41+X44 -> 49304.47
E49: ALÍQUOTA EFETIVA | H49: ALÍQUOTA EFETIVA | K49: ALÍQUOTA EFETIVA | N49: ALÍQUOTA EFETIVA | Q49: ALÍQUOTA EFETIVA | T49: ALÍQUOTA EFETIVA | W49: ALÍQUOTA EFETIVA
F50: =F47/SUM($H$4) -> 0.27291448 | I50: =I47/SUM($H$4) -> 0.27441121 | L50: =L47/SUM($H$4) -> 0.17653834 | O50: =O47/SUM($H$4) -> 0.17725263 | R50: =R47/SUM($H$4) -> 0.19246991 | U50: =U47/SUM($H$4) -> 0.14259609 | X50: =X47/SUM($H$4) -> 0.14086991

Sheet SUSPENSA
B1: INSS | E1: INSS
B2: PF E PJ - COD 1007 - 20% REND | E2: salário mínimo | F2: 1518
B3: PF - COD 1163 - 11% SAL MÍN | E3: teto máximo do INSS | F3: 8157.41
B4: NÃO RECOLHE
G5: alíquota | H5: dedução
E6: 1518 | G6: 0.075 | H6: 0
E7: 1518.01 | F7: 2793.88 | G7: 0.09 | H7: 22.77
E8: 2793.89 | F8: 4190.83 | G8: 0.12 | H8: 106.6
E9: 4190.84 | F9: 8157.41 | G9: 0.14 | H9: 190.42
E12: teto da contrib clt | F12: 951.62
E15: teto da contrib inss pró labore | F15: 8157.41
E16: 0.11 | F16: 897.31
E18: IRRF
G19: alíquota | H19: dedução
E20: 2259.2 | F20: 0 | G20: 0 | H20: 0
E21: 2259.21 | F21: 2826.65 | G21: 0.075 | H21: 169.44
E22: 2826.66 | F22: 3751.05 | G22: 0.15 | H22: 381.44
E23: 3751.06 | F23: 4664.67 | G23: 0.225 | H23: 662.77
E24: 4664.68 | G24: 0.275 | H24: 896
